 Dungeon Crawl Stone Soup version bcrawl-1.21.3-2-g9d8a61a446 (webtiles) character file.

Game seed: 1741858051652281320

442 funkygono the Twirler (level 7, -3/54 HPs)
             Began as a Formicid Fighter on Apr 17, 2020.
             Slain by an orc warrior
             ... wielding a +0 long sword
              (21 damage)
             ... on level 4 of the Dungeon.
             The game lasted 00:06:06 (3115 turns).

funkygono the Twirler (Formicid Fighter)            Turns: 3115, Time: 00:06:06

Health: -3/54      AC:  7    Str: 22    XL:     7   Next: 23%
Magic:  7/7        EV:  9    Int:  8    God:
Gold:   161        SH: 10    Dex: 10    Spells: 6/6 levels left

rFire    . . .     SeeInvis +   a - +1 quarterstaff
rCold    . . .     Gourm    .   c - +0 medium shield
rNeg     . . .     Faith    .   b - +0 scale mail
rPois    .         Spirit   .   (helmet unavailable)
rElec    .         Reflect  .   g - scarf {cloud immunity}
rCorr    .         Harm     .   (no gloves)
MR       .....                  (no boots)
Stlth    ++........             (no amulet)
HPRegen  0.18/turn              q - ring of stealth
MPRegen  0.10/turn              (no ring)

@: lethally poisoned (-3 -> -10)
A: permanent stasis, dig shafts and tunnels, four strong arms, antennae 3
a: Dig, Shaft Self


You were on level 4 of the Dungeon.
You were not hungry.

You visited 1 branch of the dungeon, and saw 4 of its levels.

You collected 161 gold pieces.

Inventory:

Hand Weapons
 a - a +1 quarterstaff (weapon)
 s - a +0 hunting sling
Missiles
 f - 1161 stones (quivered)
Armour
 b - a +0 scale mail (worn)
 c - a +0 medium shield (worn)
 g - a scarf of cloud immunity (worn)
Jewellery
 q - a ring of stealth (left hand)
Scrolls
 i - a scroll of immolation {unknown}
 k - a scroll of remove curse
 p - a scroll of enchant armour {unknown}
 r - 2 scrolls of identify
Potions
 h - 4 potions of agility
 j - a potion of curing {unknown}
 l - a potion of cancellation {unknown}
 m - a potion of invisibility {unknown}
 n - 2 potions of flight {unknown}
 o - a potion of mutation {unknown}
 t - a potion of brilliance {unknown}
 u - a potion of berserk rage {unknown}
Comestibles
 d - 8 chunks of flesh
 e - 4 rations {!d}


   Skills:
 + Level 4.3 Fighting
 + Level 5.0 Staves
 + Level 4.7 Armour
 + Level 1.2 Dodging
 + Level 4.9 Shields


You had 6 spell levels left.
You didn't know any spells.
Your spell library was empty.

Dungeon Overview and Level Annotations

Branches:
Dungeon (4/12)
 Temple: D:4-7

Altars:


Innate Abilities, Weirdness & Mutations

You cannot be hasted, slowed, berserked, paralysed or teleported.
You can dig through walls and to a lower floor.
Your four strong arms can wield two-handed weapons with a shield.
You have a pair of large antennae on your head. (SInv)


Message History

The worker ant poisons you!
An orc comes into view.
You closely miss the worker ant.
The worker ant is heavily wounded.
You feel sick.
The orc shouts!
You block the worker ant's attack.
You sock the worker ant!
You kill the worker ant!
Your Staves skill increases to level 5!
You feel sick.
You hit the orc warrior but do no damage.
You feel sick.
The orc warrior hits you with a +0 long sword!
You closely miss the orc warrior.
You feel sick. You block the orc warrior's attack.
You hit the orc warrior but do no damage.
You feel sick.
The orc warrior hits you with a +0 long sword!!
You die...

############
#.....#....#
#.....#....#
#.....#....#
#..@..'....#
##o#####...#
#.{..##...#
#...o#....#
...5<#....#
.....#....#
......#....#
##....#....#
#....##...#


You could see an orc warrior.

Vanquished Creatures
  A howler monkey (D:4)
  3 crimson imps (D:4)
  A hound (D:4)
  An orc priest (D:4)
  A bullfrog skeleton (D:4)
  An iguana (D:4)
  A worker ant (D:4)
  3 orc wizards (D:4)
  An adder (D:3)
  A worm (D:4)
  2 dart slugs
  5 leopard geckos
  7 orcs
  3 bats
  4 giant cockroaches
  5 goblins
  8 hobgoblins
  7 jackals
  A quokka (D:3)
  3 frilled lizards
  7 kobolds
  8 rats
74 creatures vanquished.

Notes
Turn   | Place    | Note
-------+----------+-------------------------------------------
     0 | D:1      | funkygono the Formicid Fighter began the quest for the Orb.
     0 | D:1      | Reached XP level 1. HP: 18/18 MP: 1/1
    64 | D:1      | Reached XP level 2. HP: 24/24 MP: 2/2
   281 | D:1      | Reached XP level 3. HP: 28/29 MP: 3/3
  1722 | D:3      | Reached XP level 4. HP: 31/35 MP: 4/4
  1832 | D:3      | Reached skill level 3 in Staves
  2270 | D:4      | Reached XP level 5. HP: 34/42 MP: 5/5
  2371 | D:4      | Reached skill level 4 in Staves
  2371 | D:4      | Reached XP level 6. HP: 39/48 MP: 6/6
  2732 | D:4      | Reached skill level 1 in Dodging
  2751 | D:4      | Reached XP level 7. HP: 4/54 MP: 7/7
  3112 | D:4      | Reached skill level 5 in Staves
  3115 | D:4      | Slain by an orc warrior

Skill      XL: |  1  2  3  4  5  6  7 |
---------------+----------------------+-----
Shields        | 4 |  4.9
Staves         | 3 4 5 |  5.0
Armour         | 4 |  4.7
Fighting       | 4 |  4.3
Dodging        | 1 |  1.2

Action                   |  1- 3 |  4- 6 |  7- 9 || total
-------------------------+-------+-------+-------++-------
Melee: Quarterstaff      |    96 |   115 |    21 ||   232
  Use: Scroll            |     8 |     1 |       ||     9
       Potion            |       |     2 |       ||     2
 Stab: Sleeping          |     3 |       |       ||     3
  Eat: Chunk             |     2 |     2 |       ||     4
       Ration            |       |     1 |       ||     1
Armor: Scale mail        |    26 |    41 |     2 ||    69
Dodge: Dodged            |    29 |    46 |     5 ||    80
Block: Medium shield     |    42 |    48 |     6 ||    96
